 Dungeon Crawl Stone Soup version 0.31-a0-981-geadf994542 (webtiles) character file.

Game seed: 1809735273071677463

43 hikkokomori the Digger (level 3, 0/20 HPs)
             Began as a Gargoyle Earth Elementalist on Oct 31, 2023.
             Slain by Terence
             ... wielding a +0 mace
              (4 damage)
             ... on level 2 of the Dungeon.
             The game lasted 00:03:03 (1320 turns).

hikkokomori the Digger (GrEE)                       Turns: 1320, Time: 00:03:04

Health: 0/20       AC:  6    Str: 11    XL:     3   Next: 58%
Magic:  3/6        EV: 11    Int: 17    God:
Gold:   39         SH:  0    Dex: 10    Spells: 6/7 levels left

rFire   . . .        j - +0 dagger (venom)
rCold   . . .        (no shield)
rNeg    + . .        a - +0 robe
rPois   ∞            (no helmet)
rElec   +            (no cloak)
rCorr   .            f - +0 pair of gloves
SInv    .            (no boots)
Will    .....        (no amulet)
Stlth   ++           (no ring)
HPRegen 0.23/turn    (no ring)
MPRegen 0.10/turn

%: no passive effects
@: no status effects
A: sickness immunity, AC +3, negative energy resistance 1, electricity
resistance, torment resistance 1, petrification resistance
a: no special abilities


You were on level 2 of the Dungeon.
You visited 1 branch of the dungeon, and saw 2 of its levels.

You collected 39 gold pieces.

Inventory:

Hand Weapons
 j - a +0 dagger of venom (weapon)
Missiles
 c - a throwing net
Armour
 a - a +0 robe (worn)
 f - a +0 pair of gloves (worn)
Talismans
 k - a storm talisman
Scrolls
 e - a scroll of amnesia
 l - a scroll of noise
Potions
 b - a potion of magic
 g - a potion of curing


   Skills:
 + Level 1.3 Fighting
 - Level 1.5 Dodging
 + Level 2.9 Stealth
 + Level 2.5 Spellcasting
 - Level 0.7 Transmutations
 + Level 4.1 Earth Magic


You had 6 spell levels left.
You knew the following spells:

 Your Spells              Type           Power      Damage    Failure   Level
a - Sandblast             Erth           32%        2d9       3%          1

Your spell library contained the following spells:

 Spells                   Type           Power      Damage    Failure   Level
 Passwall                 Tmut/Erth      8%         N/A       11%         2
 Stone Arrow              Conj/Erth      18%        3d8       24%         3
 Petrify                  Tmut/Erth      10%        N/A       56%         4
 Brom's Barrelling Bould  Conj/Erth      9%         2d3       61%         4
 Leda's Liquefaction      Hex/Erth       4%         N/A       61%         4
 Bombard                  Conj/Erth      4%         9d2       100%        6


Dungeon Overview and Level Annotations

Branches:
Dungeon (2/15)

Altars:

Annotations:
D:2 Terence


Innate Abilities, Weirdness & Mutations

You are immune to sickness and miasma.
Your stone body is resilient. (AC +3)
You are immune to poison.
You resist negative energy. (rN+)
You are resistant to electric shocks. (rElec)
You are resistant to unholy torment.
You are immune to petrification.


Message History

There is a stone staircase leading up here.
Okay, then.
You hit Terence but do no damage. Terence closely misses you.
You hit Terence but do no damage. Terence misses you.
You hit Terence but do no damage. Terence hits you with a +0 mace.
You hit Terence but do no damage.
Terence is poisoned.
Terence barely misses you.
You hit Terence but do no damage.
Terence looks as sick as possible!
Terence hits you with a +0 mace.
Casting: Sandblast (safe; 3% risk of failure)
Confirm with . or Enter, or press ? or * to list all spells.
Aiming: Sandblast (safe; 3% risk of failure)
Press: ? - help, Shift-Dir - straight line, f - Terence
Aim: Terence, wielding a +0 mace and wearing a +0 chain mail (moderately wounded, extremely poisoned, 87% to hit)
The blast of sand hits Terence but does no damage.
Terence is moderately wounded.
Terence barely misses you.
Unknown command.
Unknown command.
Casting: Sandblast (safe; 3% risk of failure)
Confirm with . or Enter, or press ? or * to list all spells.
Aiming: Sandblast (safe; 3% risk of failure)
Press: ? - help, Shift-Dir - straight line, f/p - Terence
Aim: Terence, wielding a +0 mace and wearing a +0 chain mail (heavily wounded, extremely poisoned, 87% to hit)
The blast of sand hits Terence but does no damage.
Terence is heavily wounded.
Terence hits you with a +0 mace.
* * * LOW HITPOINT WARNING * * *
Terence barely misses you.
Unknown command.
Unknown command.
Casting: Sandblast (safe; 3% risk of failure)
Confirm with . or Enter, or press ? or * to list all spells.
Aiming: Sandblast (safe; 3% risk of failure)
Press: ? - help, Shift-Dir - straight line, f/p - Terence
Aim: Terence, wielding a +0 mace and wearing a +0 chain mail (almost dead, very poisoned, 87% to hit)
The blast of sand hits Terence but does no damage.
Terence is almost dead.
Terence hits you with a +0 mace.
You die...

............##.# #.......
...#...........###########....$..
......................§§§§@......
...............##....#####.......
...#.............................
...............#.......###.......
...#...#...)..........[.##.......
.##.....).†..#...@......#########
.##...#####.....@.......# ..#...#
#.............#
......######.##.........#
..........(.......>.....#
#.##..#######...........# #.##..#
##....).....#########
#.##..########...............#...
#..#..#..........................
...#..#...<......................


You could see Terence (very poisoned).

Vanquished Creatures
  A dart slug (D:1)
  5 ball pythons (D:1)
  4 bats
  5 endoplasms
  A giant cockroach (D:1)
  3 goblins
  2 hobgoblins (D:1)
  8 kobolds
  3 frilled lizards (D:1)
  6 rats
38 creatures vanquished.

Notes
Turn   | Place    | Note
-------+----------+-------------------------------------------
     0 | D:1      | hikkokomori the Gargoyle Earth Elementalist began the quest
                  | for the Orb.
     0 | D:1      | Reached XP level 1. HP: 10/10 MP: 3/3
    90 | D:1      | Reached XP level 2. HP: 16/16 MP: 1/5
   445 | D:1      | Got Sif Muna's Tome of Topomancy
   504 | D:1      | Reached skill level 1 in Fighting
   665 | D:1      | Reached skill level 4 in Earth Magic
   699 | D:1      | Reached XP level 3. HP: 20/20 MP: 3/6
  1005 | D:2      | Found a faded altar of an unknown god.
  1245 | D:2      | Noticed Terence
  1320 | D:2      | Slain by Terence

Illustrated notes

Levels and vault maps discovered:
D:1:      saegor_arrival_simple_a, layout_basic
D:2:      layout_rooms, dreamdust_ecumenical_altar_statues, uniq_terence

Skill      XL: |  1  2 |
---------------+-------+-----
Fighting       | 1 |  1.3
Earth Magic    | 4 |  4.1
Dodging        | |  1.5
Stealth        | |  2.9
Spellcasting   | |  2.5
Transmutations | |  0.7

Action                     || total
---------------------------++-------
  Melee: Unarmed           ||    14
         Dagger            ||    22
         Punch             ||     2
   Cast: Sandblast         ||    46
    Use: Scroll            ||     6
 Armour: Robe              ||    45
  Dodge: Dodged            ||    43

Table legend: (Time is in decaauts)
 A = Elapsed time spent in this place.
 B = Non-inter-level travel time spent in this place.
 C = Inter-level travel time spent in this place.
 D = Time resting spent in this place.
 E = Time spent auto-exploring this place.
 F = Levels seen in this place.
 G = Mean time per level.
                   A        B        C        D        E       F      G
               +--------+--------+--------+--------+--------+-----+--------+
         Total |   1342 |   1311 |     31 |     37 |   1036 |   2 |  671.0 |
       Dungeon |   1342 |   1311 |     31 |     37 |   1036 |   2 |  671.0 |
               +--------+--------+--------+--------+--------+-----+--------+

Top non-repeatable levels by time:
     D:1: 1027 daAuts
     D:2: 315 daAuts
